 Dungeon Crawl Stone Soup version 0.20-a0-633-gff4aa5c (webtiles) character file.

7345 TuxedoFelix the Cleaver (level 10, -24/93 HPs)
             Began as a Minotaur Berserker on Feb 11, 2017.
             Was a High Priest of Trog.
             Killed from afar by an orc sorcerer (30 damage)
             ... with a bolt of negative energy
             ... in a bailey.
             The game lasted 00:59:12 (8901 turns).

TuxedoFelix the Cleaver (Minotaur Berserker)        Turns: 8901, Time: 00:59:14

Health: -24/93     AC: 13    Str: 29    XL:     10   Next: 91%
Magic:  9/9        EV: 12    Int:  4    God:    Trog [*****.]
Gold:   303        SH:  0    Dex:  9    Spells: 9/9 levels left

rFire    . . .     SeeInvis +   c - +0 war axe
rCold    . . .     Gourm    .   E - +2 scale mail {MR+}
rNeg     . . .     Faith    +   (no shield)
rPois    .         Spirit   .   (helmet restricted)
rElec    .         Reflect  .   O - +0 cloak
rCorr    .         Harm     .   x - +0 pair of gloves {Str+3}
MR       +++..                  (no boots)
Stlth    ..........             B - amulet of faith
Regen    1.3/turn               s - +1 ring of evasion
                                p - ring of see invisible

@: regenerating, drained
A: retaliatory headbutt, horns 2
a: Berserk, Trog's Hand, Brothers in Arms, Burn Spellbooks, Renounce Religion


You were in a bailey.
You worshipped Trog.
Trog was extremely pleased with you.
You were very hungry.

You visited 1 branch of the dungeon, and saw 9 of its levels.
You also visited: Ossuary and Bailey.

You collected 501 gold pieces.
You spent 198 gold pieces at shops.

Inventory:

Hand Weapons
 a - a +2 shortbow of flaming
 c - a +0 war axe (weapon)
 S - a +3 scimitar of flaming
Missiles
 r - 72 bolts
 D - 5 javelins of penetration (quivered)
 G - 91 arrows
 N - 7 tomahawks
 R - 7 javelins of returning
Armour
 q - a cursed +0 large shield
 x - a +0 pair of gloves of strength (worn)
 E - a +2 scale mail of magic resistance (worn)
 I - a +0 plate armour
 O - a +0 cloak (worn)
 T - a +0 plate armour
 V - a cursed +0 ring mail
Jewellery
 p - a ring of see invisible (left hand)
 s - a +1 ring of evasion (right hand)
 B - an amulet of faith (around neck)
Wands
 M - a wand of random effects (35/48)
 P - a wand of digging (17/24)
 U - a wand of paralysis (8/24)
Scrolls
 b - 4 scrolls of remove curse
 e - a scroll of amnesia {unknown}
 g - 3 scrolls of enchant weapon {unknown}
 j - 7 scrolls of teleportation
 m - 3 scrolls of magic mapping {unknown}
 w - 2 scrolls of noise {unknown}
 y - 2 scrolls of immolation {unknown}
 A - 2 scrolls of fear {unknown}
 J - 2 scrolls of identify
 K - 4 scrolls of enchant armour {unknown}
 L - a scroll of blinking {unknown}
Potions
 d - 3 potions of berserk rage {unknown}
 h - 2 potions of cancellation
 i - 3 potions of haste
 k - a potion of might {unknown}
 o - a potion of lignification {unknown}
 t - 2 potions of heal wounds {unknown}
 u - 5 potions of curing
 v - 4 potions of mutation
 z - 2 potions of brilliance {unknown}
 C - a potion of agility {unknown}
 F - 2 potions of flight {unknown}
Books
 H - a book of Misfortune

   Spells                             Type                      Level
   a - Confusing Touch                Hexes                        1
   b - Confuse                        Hexes                        3
   c - Gell's Gravitas                Hexes/Translocation          3
   d - Petrify                        Transmutation/Earth          4
   e - Metabolic Englaciation         Hexes/Ice                    5
   f - Yara's Violent Unravelling     Hexes/Transmutation          5
   Trog disapproves of the use of such an item.
Comestibles
 f - 3 meat rations
 l - 3 royal jellies
 n - 10 fruits
 Q - 7 chunks of flesh


   Skills:
 + Level 9.9(9.1) Fighting
 * Level 13.0(12.2) Axes
 * Level 6.8(6.1) Throwing
 + Level 9.4(8.7) Armour
 - Level 2.6(2.0) Dodging


You had 9 spell levels left.
You didn't know any spells.

Dungeon Overview and Level Annotations

Branches:
Dungeon (9/15)             Temple (0/1) D:6            Lair (0/6) D:8
    Orc: D:9-12

Altars:
Cheibriados
Fedhas
Hepliaklqana
Kikubaaqudgha
Makhleb
Okawaru
Ru
Trog
Xom
The Shining One

Shops:
D:4 *


Innate Abilities, Weirdness & Mutations

You reflexively headbutt those who attack you in melee.
You have a pair of horns on your head.


Message History

The orc high priest dies!
Trog accepts your kill.
Your Axes skill increases to level 13!
The orc warrior closely misses you.
The orc sorcerer hits you but does no damage.
The ice devil hits you but does no damage.
The orc no longer looks unusually strong.
The orc knight hits your two-headed ogre with a war axe!!
The orc warrior hits your two-headed ogre with a hand axe!!
The orc warrior hits you with a hand axe!
* * * LOW HITPOINT WARNING * * *
Your two-headed ogre hits the orc knight with a giant spiked club!!
Your two-headed ogre hits the orc knight with a dire flail!!
The orc sorcerer points at you and mumbles some strange words.
The bolt of negative energy hits your two-headed ogre.
Your two-headed ogre is drained!
Your two-headed ogre dies!
Your two-headed ogre's corpse disappears in a puff of smoke!
The bolt of negative energy hits you!
You feel drained.
You die...

#### [..# [..
#########
##+#........
+...o...._..
#.84oo......
#..@§o4.....
#.8.########
#.....#######
#.8...#.....#
#.....#.....#
####..#..⌠..#
#..'.....+
#..'.....+
#####)))#####


You could see an orc knight (unaware), an ice devil, a rust devil, an orc
sorcerer, an orc warrior and an orc.

Vanquished Creatures
  Erica (D:8)
  2 two-headed ogres (D:9)
  Pikel (D:5)
  Joseph (D:8)
  Psyche (D:8)
  Grinder (D:4)
  Prince Ribbit (D:5)
  A hungry ghost (D:8)
  A water moccasin (D:8)
  2 orc warriors
  2 black bears
  3 ice beasts
  A sky beast (D:8)
  4 ogres
  3 phantoms
  2 centaurs
  A big kobold (D:7)
  2 bullfrogs
  A wyvern skeleton (D:8)
  A water moccasin zombie (D:7)
  A scorpion (D:8)
  A quasit (D:7)
  A bullfrog zombie (D:7)
  4 crimson imps
  A bullfrog skeleton (D:4)
  4 hounds
  3 jellies
  6 orc priests
  6 orc wizards
  Crazy Yiuf (D:5)
  2 iguanas
  3 worker ants
  A killer bee zombie (D:8)
  4 big kobold zombies (Ossuary)
  A mummy (Ossuary)
  A howler monkey zombie (D:6)
  2 gnolls
  A worker ant zombie (D:5)
  A howler monkey skeleton (D:7)
  5 adders
  3 shadow imps
  An ooze (D:3)
  An adder skeleton (D:8)
  An adder zombie (D:6)
  7 worms
  2 dart slugs (D:1)
  7 leopard geckos
  30 orcs
  3 spectral bats (Ossuary)
  3 ball pythons
  9 giant cockroaches
  8 gnoll zombies (Ossuary)
  12 goblins
  14 hobgoblins
  2 jackals (D:3)
  4 quokkas
  6 bats
  A bat simulacrum (Ossuary)
  8 frilled lizards
  2 goblin simulacra (Ossuary)
  5 goblin zombies
  6 hobgoblin zombies (Ossuary)
  14 kobolds
  3 kobold simulacra (Ossuary)
  4 kobold zombies (Ossuary)
  4 orc zombies (Ossuary)
  5 rats
  4 rat simulacra (Ossuary)
  A rat zombie (D:8)
  4 spectral goblins (Ossuary)
  2 spectral kobolds (Ossuary)
  5 spectral rats (Ossuary)
262 creatures vanquished.

Vanquished Creatures (collateral kills)
  An orc high priest (Bailey)
1 creature vanquished.

Vanquished Creatures (others)
  A dart slug (D:5)
  2 plants (D:2)
3 creatures vanquished.

Grand Total: 266 creatures vanquished

Notes
Turn   | Place    | Note
-------+----------+-------------------------------------------
     0 | D:1      | TuxedoFelix the Minotaur Berserker began the quest for the Orb.
     0 | D:1      | Reached XP level 1. HP: 19/19 MP: 0/0
   252 | D:1      | Reached XP level 2. HP: 23/27 MP: 1/1
   263 | D:1      | Reached skill level 4 in Axes
   664 | D:1      | Reached ** piety under Trog
   664 | D:1      | Reached XP level 3. HP: 33/33 MP: 2/2
  1435 | D:2      | Reached XP level 4. HP: 31/40 MP: 3/3
  1616 | D:2      | Reached skill level 5 in Axes
  2303 | D:3      | Reached *** piety under Trog
  2361 | D:3      | Found a bloodstained altar of Trog.
  2361 | D:3      | Found a glowing golden altar of the Shining One.
  2371 | D:3      | Found a faded altar of an unknown god.
  2373 | D:3      | Found a shimmering altar of Xom.
  2375 | D:3      | Found a faded altar of an unknown god.
  2489 | D:3      | Found an iron altar of Okawaru.
  2490 | D:3      | Reached XP level 5. HP: 43/47 MP: 4/4
  2861 | D:4      | Found Focsi's Assorted Antiques.
  2895 | D:4      | Bought a metallic green potion for 20 gold pieces
  2895 | D:4      | Bought a twisted golden amulet for 115 gold pieces
  2895 | D:4      | Bought a metallic puce potion for 20 gold pieces
  2895 | D:4      | Bought a scroll labeled INANTEYKOS for 23 gold pieces
  2895 | D:4      | Bought a ruby potion for 20 gold pieces
  2973 | D:4      | Reached skill level 6 in Axes
  2977 | D:4      | Found a snail-covered altar of Cheibriados.
  3052 | D:4      | Noticed a phantom
  3074 | D:4      | Killed a phantom
  3074 | D:4      | Reached skill level 5 in Fighting
  3074 | D:4      | Reached XP level 6. HP: 36/56 MP: 5/5
  3565 | D:4      | Reached skill level 7 in Axes
  3654 | D:4      | Noticed Grinder
  3663 | D:4      | Killed Grinder
  3663 | D:4      | Reached skill level 5 in Armour
  3663 | D:4      | Reached XP level 7. HP: 62/62 MP: 6/6
  3841 | D:5      | Entered Level 5 of the Dungeon
  3961 | D:5      | Found a runed door.
  3965 | D:5      | Noticed Crazy Yiuf
  3971 | D:5      | Killed Crazy Yiuf
  4185 | D:5      | Reached skill level 8 in Axes
  4265 | D:5      | Noticed Prince Ribbit
  4275 | D:5      | Killed Prince Ribbit
  4275 | D:5      | Reached skill level 9 in Axes
  4275 | D:5      | Reached XP level 8. HP: 71/71 MP: 7/7
  4327 | D:5      | Found a sacrificial altar of Ru.
  4385 | D:5      | Reached **** piety under Trog
  4405 | D:5      | Noticed Pikel
  4431 | D:5      | Killed Pikel
  4431 | D:5      | Reached skill level 10 in Axes
  4903 | D:5      | Found a blossoming altar of Fedhas.
  5024 | D:6      | Reached XP level 9. HP: 67/80 MP: 8/8
  5566 | D:6      | Found an ancient bone altar of Kikubaaqudgha.
  5566 | D:6      | Found a burning altar of Makhleb.
  5590 | D:6      | Found a staircase to the Ecumenical Temple.
  5662 | D:6      | Received a gift from Trog
  6032 | D:6      | Reached skill level 1 in Throwing
  6416 | D:7      | Reached skill level 11 in Axes
  6718 | D:7      | Found a hazy altar of Hepliaklqana.
  7041 | D:8      | Noticed Joseph
  7059 | D:8      | Killed Joseph
  7261 | D:8      | Noticed Psyche
  7265 | D:8      | Killed Psyche
  7375 | D:8      | Reached XP level 10. HP: 90/90 MP: 9/9
  7411 | D:8      | Found a sand-covered staircase.
  7427 | Ossuary  | Entered an ossuary
  7440 | Ossuary  | Reached ***** piety under Trog
  7440 | Ossuary  | Received a gift from Trog
  7878 | D:8      | Reached skill level 12 in Axes
  8173 | D:8      | Noticed Erica
  8184 | D:8      | Killed Erica
  8184 | D:8      | Reached skill level 5 in Throwing
  8277 | D:8      | Found a staircase to the Lair.
  8703 | D:9      | Noticed a two-headed ogre
  8705 | D:9      | Found a flagged portal.
  8711 | D:9      | Killed a two-headed ogre
  8754 | D:9      | Noticed a two-headed ogre
  8763 | D:9      | Killed a two-headed ogre
  8836 | Bailey   | Entered a bailey
  8884 | Bailey   | Noticed an orc high priest
  8885 | Bailey   | Noticed an orc sorcerer
  8885 | Bailey   | Found an iron altar of Okawaru.
  8885 | Bailey   | Noticed an orc knight
  8899 | Bailey   | Noticed a rust devil
  8900 | Bailey   | Killed an orc high priest
  8900 | Bailey   | Reached skill level 13 in Axes
  8901 | Bailey   | Killed from afar by an orc sorcerer

Vault maps used:
D:1:      roderic_octagonal_star, minmay_hexomino_c4
D:2:      lexackson_kobold_supper
D:3:      chequers_temple_overflow_minitemple, okawaru_altar_gauntlet_db
D:4:      lemuel_doored_altar, serial_shops, shop, first_bread, uniq_grinder
D:5:      hangedman_ru_absence, basic_altar, uniq_prince_ribbit1,
          uniq_crazy_yiuf_cottage, uniq_pikel
D:6:      gammafunk_temple_overflow_elements, temple_doors_e, serial_park_tiny_2
D:7:      overflow_temple_1_default, bh_chokoban
D:8:      lair_entry_dummy, enter_ossuary_4, uniq_psyche, uniq_erica,
          uniq_joseph
D:9:      enter_bailey_2, uniq_erolcha
Ossuary:  ossuary_zaba_two_paths
Bailey:   bailey_axe_of_yendor_kennysheep, bailey

Skill      XL: |  1  2  3  4  5  6  7  8  9 10 |
---------------+-------------------------------+-----
Axes           | 4 5 6 7 9 10 11 13 | 13.0
Fighting       | 4 5 6 7 8 9 |  9.9
Armour         | 3 4 5 6 7 8 9 |  9.4
Throwing       | 4 6 |  6.8
Dodging        | |  2.6

Action                   |  1- 3 |  4- 6 |  7- 9 | 10-12 || total
-------------------------+-------+-------+-------+-------++-------
Melee: Hand axe          |    99 |   138 |   250 |       ||   487
       Headbutt          |    18 |    20 |    57 |    43 ||   138
       War axe           |       |       |    45 |   200 ||   245
Invok: Berserk           |       |     2 |     4 |     4 ||    10
       Trog's Hand       |       |     2 |     6 |     3 ||    11
       Brothers in Arms  |       |       |       |     1 ||     1
  Use: Scroll            |     1 |     6 |       |       ||     7
       Potion            |       |     2 |       |     1 ||     3
  Eat: Chunk             |     2 |     5 |     3 |     4 ||    14
       Bread ration      |       |     1 |     5 |       ||     6
       Meat ration       |       |       |       |     1 ||     1
Armor: Ring mail         |    31 |    38 |       |       ||    69
       Scale mail        |       |     1 |   119 |    66 ||   186
Dodge: Dodged            |    51 |    91 |   137 |    76 ||   355
